 Dungeon Crawl Stone Soup version 0.28-a0-909-g796cbd3a86 (webtiles) character file.

Game seed: 15053488275220262762

26 croobank the Insei (level 3, 0/23 HPs)
             Began as an Octopode Transmuter on Nov 24, 2021.
             Succumbed to an adder's poison
             ... on level 2 of the Dungeon.
             The game lasted 00:05:02 (1405 turns).

croobank the Insei (Octopode Transmuter)            Turns: 1405, Time: 00:05:02

Health: 0/23       AC:  1    Str: 10    XL:     3   Next: 8%
Magic:  5/6        EV: 13    Int: 15    God:
Gold:   21         SH:  0    Dex: 12    Spells: 3/6 levels left

rFire   . . .      SeeInvis .   a - +1 dagger (flame)
rCold   . . .      Faith    .   (no shield)
rNeg    . . .      Spirit   .   (helmet currently unavailable)
rPois   .          Reflect  .   (no amulet)
rElec   .          Harm     .   (no ring)
rCorr   .          Rampage  .   (no ring)
Will    .....                   (no ring)
Stlth   +++.......              (no ring)
HPRegen 0.07/turn               (no ring)
MPRegen 0.10/turn               (no ring)
                                (no ring)
                                (no ring)

@: lethally poisoned (0 -> -12), appendages (expiring)
A: tentacle spike 3, almost no armour, amphibious, 8 rings, camouflage 1,
gelatinous body 1, (nimble swimmer 1), tentacles
a: End Transformation


You were on level 2 of the Dungeon.
One of your tentacles had grown a beastly spike.
You visited 1 branch of the dungeon, and saw 2 of its levels.

You collected 21 gold pieces.

Inventory:

Hand Weapons
 a - a +1 dagger of flaming (weapon)
 e - a +0 short sword
 g - a +0 morningstar
Missiles
 b - 39 stones
 c - 30 sling bullets
Jewellery
 d - an amulet of guardian spirit
Potions
 f - a potion of resistance {unknown}


   Skills:
 + Level 1.1 Fighting
 + Level 0.1 Short Blades
 + Level 2.0 Dodging
 + Level 1.4 Stealth
 + Level 3.4 Unarmed Combat
 + Level 2.2 Spellcasting
 + Level 2.3 Transmutations


You had 3 spell levels left.
You knew the following spells:

 Your Spells              Type           Power      Damage    Failure   Level
a - Beastly Appendage     Tmut           16%        N/A       9%          1
b - Wereblood             Tmut           8%         N/A       13%         2

Your spell library contained the following spells:

 Spells                   Type           Power      Damage    Failure   Level
 Spider Form              Tmut/Pois      5%         N/A       38%         3
 Ice Form                 Ice/Tmut       5%         N/A       80%         4


Dungeon Overview and Level Annotations

Branches:
Dungeon (2/15)

Altars:
Uskayaw


Innate Abilities, Weirdness & Mutations

One of your tentacles has grown a beastly spike.
You cannot wear most types of armour.
You are amphibious.
You can wear up to eight rings at the same time.
Your skin changes colour to match your surroundings (Stealth+).
Your rubbery body absorbs attacks. (AC +1, EV +1)
((You are camouflaged near water. (Stealth+)))
You have tentacles for arms and can constrict up to eight enemies at once.


Message History

Confirm with . or Enter, or press ? or * to list all spells.
One of your tentacles grows a vicious spike.
Your transformation is almost over.
You closely miss the rat. You grab the rat.
You pierce the rat.
You squeeze the rat.
You kill the rat!
The helpless ball python fails to defend itself.
You hit the ball python. You burn the ball python.
You kill the ball python!
You open the door.
Your tentacle spike disappears.
There is an open door here.
An adder comes into view.
The adder hisses angrily.
Casting: Beastly Appendage (safe; 9% risk of failure)
Confirm with . or Enter, or press ? or * to list all spells.
One of your tentacles grows a vicious spike.
The adder bites you.
You are poisoned.
The adder poisons you!
You hit the adder but do no damage. Your grab misses the adder.
You feel sick. The adder bites you. The adder barely misses you.
You barely miss the adder. You grab the adder.
You pierce the adder, but do no damage.
You constrict the adder.
You feel sick. The adder barely misses you.
You barely miss the adder.
The adder is lightly wounded.
You constrict the adder.
You feel sick. The adder bites you.
You are lethally poisoned!
The adder poisons you!
You hit the adder. You burn the adder.
The adder is heavily wounded.
You constrict the adder.
You feel sick. The adder bites you.
* * * LOW HITPOINT WARNING * * *
You are more poisoned.
The adder poisons you! The adder closely misses you.
You hit the adder. You burn the adder.
You kill the adder!
Your transformation is almost over.
You die...

#........# #........####
#...........######.#
########...........'......#
...................########
######.##.#+###...#
#.##.........#
#.##.........#
########.###.._.@...#
.........# #........#
########## #.....####
#....## ####### #...#
....... ..... #######
###### ....... #######


There were no monsters in sight!

Vanquished Creatures
  An adder (D:2)
  A dart slug (D:1)
  3 bats (D:1)
  5 endoplasms (D:1)
  2 goblins (D:1)
  A hobgoblin (D:2)
  2 kobolds
  A quokka (D:2)
  3 ball pythons
  A frilled lizard (D:1)
  2 rats (D:2)
22 creatures vanquished.

Notes
Turn   | Place    | Note
-------+----------+-------------------------------------------
     0 | D:1      | croobank the Octopode Transmuter began the quest for the
                  | Orb.
     0 | D:1      | Reached XP level 1. HP: 13/13 MP: 3/3
   586 | D:1      | Reached skill level 1 in Stealth
   586 | D:1      | Reached XP level 2. HP: 18/18 MP: 5/5
  1211 | D:2      | Reached XP level 3. HP: 14/23 MP: 6/6
  1345 | D:2      | Learned a level 2 spell: Wereblood
  1375 | D:2      | Found a hide-covered altar of Uskayaw.
  1405 | D:2      | Succumbed to an adder's poison

Illustrated notes

Levels and vault maps discovered:
D:1:      onia_arrival_mini_spirals, layout_loops_ring
D:2:      layout_basic, basic_altar, shapermc_ecumenical_altar_mp_urbaneastern,
          chequers_serial_rivers_room_a

Skill      XL: |  1 |
---------------+----+-----
Stealth        | 1 |  1.4
Fighting       | |  1.1
Short Blades   | |  0.1
Dodging        | |  2.0
Unarmed Combat | |  3.4
Spellcasting   | |  2.2
Transmutations | |  2.3

Action                   || total
-------------------------++-------
Melee: Unarmed           ||    18
       Constrict         ||     9
       Tentacles         ||     4
       Dagger            ||    32
       Kick              ||     4
 Cast: Beastly Appendage ||    12
 Stab: Sleeping          ||     8
Armor: Skin              ||     4
Dodge: Dodged            ||    30

Table legend: (Time is in decaauts)
 A = Elapsed time spent in this place.
 B = Non-inter-level travel time spent in this place.
 C = Inter-level travel time spent in this place.
 D = Time resting spent in this place.
 E = Time spent auto-exploring this place.
 F = Levels seen in this place.
 G = Mean time per level.
                   A        B        C        D        E       F      G
               +--------+--------+--------+--------+--------+-----+--------+
         Total |   1403 |   1372 |     31 |    287 |    899 |   2 |  701.5 |
       Dungeon |   1403 |   1372 |     31 |    287 |    899 |   2 |  701.5 |
               +--------+--------+--------+--------+--------+-----+--------+

Top non-repeatable levels by time:
     D:1: 1180 daAuts
     D:2: 222 daAuts
